 Dungeon Crawl Stone Soup version 0.31.0-12-g77e489cdc1 (webtiles) character file.

Game seed: 1136396823841946346

1621 ThighHighIncubi the Trooper (level 8, -2/62 HPs)
             Began as a Demonspawn Chaos Knight on Mar 6, 2024.
             Was a Plaything of Xom.
             Slain by a killer bee (10 damage)
             ... on level 7 of the Dungeon.
             The game lasted 00:13:39 (4283 turns).

ThighHighIncubi the Trooper (DsCK)                  Turns: 4283, Time: 00:13:40

Health: -2/62      AC:  8    Str: 12    XL:     8   Next: 64%
Magic:  13/13      EV: 11    Int: 13    God:    Xom [.*....]
Gold:   397        SH:  4    Dex: 15    Spells: 14/14 levels left

rFire   . . .        s - +9 hand axe of Disembowelment {flame, rN+}
rCold   + . .        B - orb {mayhem}
rNeg    + . .        u - +3 leather armour of the Land of Plenty {rC+ Stlth+}
rPois   .            (helmet restricted)
rElec   .            (no cloak)
rCorr   .            (no gloves)
SInv    .            (no boots)
Will    +....        i - amulet of regeneration
Stlth   ++           (no ring)
HPRegen 1.10/turn    (no ring)
MPRegen 0.13/turn

%: mayhem
@: lethally poisoned (-2 -> -11)
A: hooves 1, molten scales 1, foul stench 2, condensation shield, antennae 1,
claws 1, strong-willed 1, MP-powered wands
a: Renounce Religion


You were on level 7 of the Dungeon.
You worshipped Xom.
You were a plaything of Xom.
You visited 1 branch of the dungeon, and saw 7 of its levels.

You collected 397 gold pieces.

Inventory:

Hand Weapons
 a - a +1 falchion of chaos
 n - a +0 short sword
 s - the +9 hand axe of Disembowelment (weapon) {flame, rN+}
   (You found it on level 2 of the Dungeon)

   rN+:       It protects you from negative energy.
 I - a +4 hand axe
 J - a +3 spear of freezing
 K - a +2 antimagic long sword
Missiles
 l - 49 stones (quivered)
 y - 2 javelins
 H - 7 poisoned darts
Armour
 b - a +3 leather armour
 d - a +1 pair of boots
 m - the +1 leather armour "Lacillotz" {Int+5}
   (You found it on level 5 of the Dungeon)

   Int+5:     It affects your intelligence (+5).
 u - the +3 leather armour of the Land of Plenty (worn) {rC+ Stlth+}
   (You found it on level 3 of the Dungeon)

   rC+:       It protects you from cold.
   Stlth+:    It makes you more stealthy.
 B - an orb of mayhem (worn)
Magical Staves
 o - a staff of death
 w - a staff of air
Jewellery
 i - an amulet of regeneration (around neck)
 A - an amulet of guardian spirit
 F - a ring of positive energy
Talismans
 p - a beast talisman
 v - a maw talisman
 x - a maw talisman
 z - a maw talisman
Scrolls
 j - 2 scrolls of poison
 r - a scroll of blinking
 t - a scroll of enchant armour
 D - a scroll of revelation {unknown}
 E - 2 scrolls of identify
 L - a scroll of teleportation {unknown}
 O - a scroll of acquirement {unknown}
 P - a scroll of noise {unknown}
Potions
 c - 3 potions of curing
 e - a potion of haste {unknown}
 f - 2 potions of degeneration
 g - 2 potions of invisibility
 h - a potion of brilliance
 k - 4 potions of heal wounds
 q - 3 potions of cancellation {unknown}
 C - 2 potions of might
 G - a potion of lignification {unknown}
 M - a potion of attraction {unknown}
 N - a potion of magic {unknown}


   Skills:
 + Level 5.3 Fighting
 - Level 3.1 Long Blades
 * Level 5.0 Axes
 - Level 2.2 Armour
 - Level 1.5 Dodging
 + Level 3.5 Spellcasting
 - Level 3.0 Necromancy
 + Level 3.8 Evocations
 + Level 3.1 Shapeshifting


You had 14 spell levels left.
You didn't know any spells.
Your spell library contained the following spells:

 Spells                   Type           Power      Damage    Failure   Level
 Ensorcelled Hibernation  Hex/Ice        4%         N/A       38%         2
 Jinxbite                 Hex            4%         N/A       38%         2
 Passwall                 Erth           2%         N/A       63%         3
 Swiftness                Air            2%         N/A       63%         3
 Manifold Assault         Tloc           2%         N/A       95%         4
 Yara's Violent Unravell  Hex/Alch       1%         3d3       100%        5
 Dispersal                Tloc           1%         N/A       100%        6
 Enfeeble                 Hex            1%         N/A       100%        7
 Disjunction              Tloc           1%         N/A       100%        8


Dungeon Overview and Level Annotations

Branches:
Dungeon (7/15)
 Temple: D:4-7

Altars:
Sif Muna
Trog

Shops:
D:6 *


Innate Abilities, Weirdness & Mutations

You have large cloven feet.
You are partially covered in molten scales. (AC +2)
You sometimes emit foul miasma when damaged in melee.
A meltable shield of frost defends you. (SH +4)
You have a pair of small antennae on your head.
You have sharp fingernails.
You are strong-willed. (Will+)
You expend magic power (3 MP) to strengthen your wands.


Message History

The killer bee barely misses the killer bee.
The killer bee stings the killer bee.
The killer bee dies!
Your Axes skill increases to level 5!
You feel sick. The killer bee barely misses you. x2
The killer bee misses you.
Things that are here:
a killer bee corpse; a killer bee corpse You barely miss the killer bee.
Your kick misses the killer bee.
You feel very sick. The killer bee stings you!
You emit a cloud of foul miasma!
The killer bee is engulfed in dark miasma.
The killer bee is poisoned.
The killer bee stings you but does no damage.
The killer bee is engulfed in dark miasma.
The killer bee looks even sicker.
The killer bee barely misses you.
You closely miss the killer bee. Your kick misses the killer bee.
The killer bee is moderately wounded.
You feel sick.
The killer bee is engulfed in dark miasma.
The killer bee looks even sicker.
The killer bee seems to slow down.
The killer bee stings you.
You are more poisoned.
The killer bee poisons you!
The killer bee is engulfed in dark miasma.
The killer bee looks as sick as possible!
The killer bee stings you!
* * * LOW HITPOINT WARNING * * *
The killer bee is engulfed in dark miasma.
The killer bee looks as sick as possible!
The killer bee stings you!
* * * LOW HITPOINT WARNING * * *
You emit a cloud of colourful smoke!
You are lethally poisoned!
The killer bee poisons you!
The killer bee is engulfed in dark miasma.
The killer bee looks as sick as possible!
The killer bee stings you!
You die... "What!?
That's it?"

#.# #.# #.#
#.# ##.# ..#
#.#
###.####§####
#....y@§....#
#.#.####§##.#
#.# # #.# #.#
#.# ##.# #..#
#<##


You could see a neutral killer bee (fast, strong, frenzied, extremely poisoned,
slow).

Vanquished Creatures
  A hornet (D:5)
  An ice beast (D:5)
  2 sky beasts (D:6)
  A black bear (D:5)
  2 ogres (D:5)
  A phantom (D:5)
  A kobold brigand (D:6)
  A bullfrog (D:6)
  2 wights (D:6)
  3 killer bees (D:7)
  A hound (D:5)
  A gnoll bouda (D:6)
  An orc wizard (D:4)
  An iguana (D:6)
  6 gnolls
  6 adders
  2 white imps
  2 ufetubi (D:6)
  4 ribbon worms (D:2)
  10 orcs
  3 bats (D:1)
  6 endoplasms
  A giant cockroach (D:4)
  6 goblins
  16 hobgoblins
  2 jackals (D:5)
  6 kobolds
  A quokka (D:4)
  6 ball pythons
  2 frilled lizards
  4 rats
102 creatures vanquished.

Vanquished Creatures (collateral kills)
  A wight (D:6)
  A killer bee (D:7)
  2 gnolls
  A dart slug (D:5)
  An orc (D:5)
  A goblin (D:4)
  2 kobolds (D:6)
9 creatures vanquished.

Grand Total: 111 creatures vanquished

Notes
Turn   | Place    | Note
-------+----------+-------------------------------------------
     0 | D:1      | ThighHighIncubi the Demonspawn Chaos Knight began the quest
                  | for the Orb.
     0 | D:1      | Reached XP level 1. HP: 18/18 MP: 1/1
    55 | D:1      | Reached skill level 1 in Dodging
   280 | D:1      | Gained mutation: You may rarely emit foul miasma when
                  | damaged in melee. [demonic ancestry]
   280 | D:1      | Reached XP level 2. HP: 19/24 MP: 2/2
   470 | D:1      | Found a faded altar of an unknown god.
   881 | D:1      | XOM: give mutations
   881 | D:1      | Gained mutation: You have sharp fingernails. [Xom's grace]
   881 | D:1      | Gained mutation: You have hidden genetic potential. [Xom's
                  | grace]
   881 | D:1      | Gained mutation: You have a pair of small antennae on your
                  | head. [Xom's grace]
   881 | D:1      | Gained mutation: You are strong-willed. (Will+) [Xom's
                  | grace]
   979 | D:2      | Gained mutation: You sometimes emit foul miasma when
                  | damaged in melee. [demonic ancestry]
   979 | D:2      | Reached XP level 3. HP: 29/29 MP: 3/3
  1411 | D:2      | Gained mutation: You expend magic power (3 MP) to
                  | strengthen your wands. [hidden potential]
  1436 | D:2      | Identified the +9 hand axe of Disembowelment {flame, rN+}
  1627 | D:3      | Identified the +3 leather armour of the Land of Plenty {rC+
                  | Stlth+}
  1813 | D:3      | XOM: summons 3 hostile shadow creatures
  2213 | D:3      | XOM: stat loss: -1 Dex (13/14)
  2258 | D:3      | Gained mutation: You are partially covered in molten
                  | scales. (AC +2) [demonic ancestry]
  2258 | D:3      | Reached XP level 4. HP: 35/35 MP: 4/4
  2448 | D:4      | Gained mutation: You have sharp toenails. [hidden
                  | potential]
  2448 | D:4      | Lost mutation: You have hidden genetic potential. [hidden
                  | potential expressed]
  2458 | D:4      | Reached skill level 1 in Axes
  2471 | D:4      | You fall into a shaft and drop 1 floor!
  2471 | D:5      | Entered Level 5 of the Dungeon
  2501 | D:5      | Noticed a hornet
  2503 | D:5      | Noticed an ice beast
  2508 | D:5      | Paralysed by a hornet for 1 turns
  2514 | D:5      | Killed a hornet
  2515 | D:5      | Reached skill level 1 in Spellcasting
  2515 | D:5      | Reached skill level 1 in Necromancy
  2515 | D:5      | Reached skill level 1 in Evocations
  2515 | D:5      | Reached skill level 1 in Shapeshifting
  2515 | D:5      | Reached XP level 5. HP: 10/42 MP: 4/7
  2515 | D:5      | Gained mutation: A meltable shield of frost defends you.
                  | (SH +4) [demonic ancestry]
  2515 | D:5      | Reached XP level 6. HP: 12/48 MP: 4/8
  2537 | D:5      | XOM: confuse monster(s)
  2553 | D:5      | Killed an ice beast
  2554 | D:5      | Lost mutation: You have sharp toenails. [demonic ancestry]
  2554 | D:5      | Gained mutation: You have large cloven feet. [demonic
                  | ancestry]
  2554 | D:5      | Reached XP level 7. HP: 43/54 MP: 8/10
  2670 | D:5      | XOM: 5-stop teleportation journey
  2911 | D:5      | XOM: draining
  3019 | D:5      | Found a bloodstained altar of Trog.
  3023 | D:5      | Found a shimmering blue altar of Sif Muna.
  3117 | D:5      | Identified the +1 leather armour "Lacillotz" {Int+5}
  3411 | D:4      | Reached XP level 8. HP: 61/61 MP: 12/12
  3683 | D:4      | You fall into a shaft and drop 2 floors!
  3889 | D:6      | XOM: swap monsters
  3892 | D:6      | Reached skill level 5 in Fighting
  3937 | D:6      | Found Madapi's Assorted Antiques.
  4281 | D:7      | Reached skill level 5 in Axes
  4283 | D:7      | XOM: smoke on damage
  4283 | D:7      | Slain by a killer bee

Illustrated notes

Levels and vault maps discovered:
D:1:      dpeg_arrival_signposts, layout_basic,
          hellmonk_ecumenical_altar_inner_sanctum
D:2:      layout_loops_ring
D:3:      layout_basic, minmay_misc_feat_room, minivault_25,
          grunt_decor_one_mirror, amcnicky_mini_corridor_feature
D:4:      nicolae_cairo_tiling_large_dashed, layout_rooms,
          guppyfry_early_lair_pool
D:5:      layout_basic, hellmonk_overflow_destroyed_library
D:6:      layout_basic, serial_shops, shop, roderic_serpentine_path,
          nicolae_benzene_ring
D:7:      layout_loops_ring, minmay_temple_entry_glass,
          kennysheep_generic_room_13

Skill      XL: |  1  2  3  4  5  6  7  8 |
---------------+-------------------------+-----
Dodging        | 1 |  1.5
Armour         | 2 |  2.2
Long Blades    | 3 |  3.1
Axes           | 2 3 5 |  5.0
Spellcasting   | 1 2 3 |  3.5
Necromancy     | 1 2 3 |  3.0
Evocations     | 1 2 3 |  3.8
Shapeshifting  | 1 2 3 |  3.1
Fighting       | 4 5 |  5.3

Action                     |  1- 3 |  4- 6 |  7- 9 || total
---------------------------+-------+-------+-------++-------
  Melee: Falchion          |    96 |       |       ||    96
         Hand axe          |    20 |    32 |    75 ||   127
         Kick              |       |     3 |    17 ||    20
    Use: Scroll            |     2 |     5 |     3 ||    10
         Potion            |       |     3 |     1 ||     4
   Stab: Sleeping          |     4 |     1 |     3 ||     8
         Confused          |       |     1 |       ||     1
         Distracted        |       |       |     1 ||     1
 Armour: Leather armour    |    73 |    25 |    66 ||   164
  Dodge: Dodged            |    82 |    27 |    42 ||   151
